Map: Deathaura LE

Players

starkiller

  • Race: Zerg Zerg
  • League: Master
  • Spawn Location: 11:00

DisK - Winner!

  • Race: Protoss Protoss
  • League: Grandmaster
  • Spawn Location: 5:00

Event: The Miserable Cup

VOD

Have the link to the VOD?

Description

Time

  • Played on: June 17, 2020, 12:09 p.m.
  • Length: 33:48

All games in this series

Show
View Real Time Build Order
Export as new Build Order

starkiller Zerg 

Build Orders: Pool First, Lurkers 

Get SALT Encoding   

  12  0:01  Drone  
  13  0:09  Drone  
  14  0:14  Extractor  
  14  0:15  Drone  
  15  0:22  Overlord  
  15  0:39  Extractor  
  15  0:40  Drone x2  
  16  0:44  Drone  
  17  0:50  Spawning Pool  
  17  0:54  Drone  
  17  1:17  Drone  
  18  1:23  Hatchery  
  17  1:33  Drone  
  17  1:36  Zergling x2  
  17  1:38  Metabolic Boost  
  19  1:48  Queen  
  21  1:55  Overlord  
  21  2:03  Drone  
  22  2:13  Zergling x2  
  22  2:14  Zergling x2  
  24  2:21  Drone  
  25  2:29  Hatchery  
  24  2:32  Drone  
  24  2:36  Drone  
  26  2:42  Drone  
  27  2:49  Drone  
  28  3:03  Spore Crawler  
  27  3:06  Drone x5  
  27  3:08  Overlord  
  32  3:15  Overlord  
  32  3:18  Lair  
  32  3:25  Queen  
  34  3:30  Drone x2  
  34  3:32  Drone  
  37  3:35  Drone  
  37  3:38  Drone  
  37  3:39  Drone  
  40  3:45  Queen  
  42  3:49  Spore Crawler  
  42  3:52  Spore Crawler  
  42  3:54  Spore Crawler  
  39  3:58  Drone  
  40  4:04  Overlord x2  
  40  4:07  Drone  
  40  4:08  Drone  
  42  4:10  Drone  
  42  4:12  Drone  
  42  4:16  Drone  
  42  4:17  Drone  
  46  4:18  Drone  
  46  4:24  Hydralisk Den  
  46  4:25  Drone, Extractor  
  46  4:27  Extractor  
  46  4:29  Drone x2  
  46  4:32  Drone  
  46  4:34  Drone  
  46  4:38  Drone x3  
  51  4:41  Drone  
  51  4:43  Drone  
  53  4:50  Drone x2  
  55  4:53  Drone  
  55  4:54  Drone  
  55  4:55  Zergling x8  
  55  4:58  Muscular Augments  
  61  5:01  Extractor  
  61  5:06  Overlord  
  60  5:09  Overlord  
  60  5:10  Overlord  
  60  5:17  Drone x2  
  60  5:20  Baneling Nest  
  61  5:23  Overlord  
  61  5:26  Hydralisk x3  
  67  5:30  Hydralisk  
  67  5:32  Hydralisk  
  71  5:35  Hydralisk  
  71  5:39  Hydralisk  
  71  5:42  Hydralisk  
  77  5:44  Hydralisk  
  77  5:46  Hydralisk  
  81  5:54  Hydralisk  
  79  5:58  Queen  
  79  5:59  Overlord x2  
  79  6:03  Hydralisk  
  83  6:07  Hydralisk x2  
  87  6:12  Hydralisk  
  87  6:14  Hydralisk  
  87  6:17  Zergling x4  
  87  6:18  Zergling x2  
  94  6:19  Zergling x2  
  94  6:21  Zergling x2  
  94  6:25  Baneling x4  
  96  6:26  Baneling  
  96  6:28  Baneling  
  96  6:31  Baneling  
  96  6:32  Zergling x4  
  98  6:33  Zergling x4  
  98  6:34  Baneling, Zergling x2  
  98  6:35  Zergling x2  
  98  6:36  Zergling x2  
  103  6:45  Zergling x6  
  103  6:46  Zergling x4  
  103  6:47  Zergling x2  
  109  6:51  Baneling x4  
  109  6:52  Zergling x2  
  109  6:53  Zergling x6  
  99  7:11  Hydralisk x6  
  99  7:15  Hydralisk  
  81  7:34  Hydralisk  
  78  7:37  Hydralisk x2  
  78  7:40  Drone x4  
  79  7:45  Drone  
  79  7:46  Grooved Spines  
  79  7:50  Drone, Extractor  
  80  7:51  Extractor  
  80  7:54  Drone x2  
  80  7:55  Lurker Den  
  80  7:59  Hydralisk  
  80  8:00  Overlord  
  80  8:04  Hydralisk  
  84  8:09  Hydralisk  
  86  8:15  Hatchery  
  86  8:16  Hydralisk x2  
  86  8:17  Hydralisk  
  91  8:20  Overlord  
  91  8:22  Zergling x12  
  91  8:25  Overseer  
  97  8:31  Zergling x6  
  97  8:34  Queen  
  100  8:39  Overlord  
  102  8:44  Overlord  
  102  8:45  Zergling x2  
  102  8:46  Zergling x2  
  102  8:47  Overlord  
  104  8:52  Lurker x5  
  104  8:53  Zergling x4  
  104  8:54  Hydralisk  
  113  8:58  Hydralisk  
  113  9:00  Zergling x4  
  113  9:02  Zergling x2  
  118  9:05  Zergling x4  
  118  9:07  Zergling x2  
  121  9:14  Zergling x2  
  119  9:28  Hydralisk x6  
  130  9:35  Hydralisk x3  
  136  9:44  Infestation Pit  
  135  9:46  Drone x6  
  138  9:58  Infestation Pit  
  135  10:01  Drone x6  
  141  10:07  Drone x3  
  141  10:09  Lurker x2  
  141  10:11  Lurker  
  141  10:12  Lurker  
  141  10:13  Lurker  
  149  10:25  Evolution Chamber  
  149  10:26  Drone x3  
  152  10:29  Lurker  
  152  10:30  Lurker x3  
  156  10:45  Overlord x6  
  156  10:54  Overlord x2  
  156  10:58  Hive  
  156  10:59  Zerg Missile Weapons Level 1  
  154  11:10  Extractor  
  152  11:12  Extractor, Hydralisk x3  
  152  11:14  Hydralisk  
  159  11:22  Spore Crawler  
  159  11:23  Spine Crawler x2  
  159  11:25  Drone x3  
  158  11:30  Spine Crawler  
  158  11:31  Spine Crawler x2, Drone x2  
  158  11:32  Drone  
  159  11:33  Spine Crawler  
  159  11:36  Lurker  
  159  11:37  Lurker x3  
  162  11:41  Hydralisk x2  
  162  11:42  Hydralisk  
  166  11:53  Hydralisk x3  
  162  12:09  Seismic Spines  
  162  12:11  Lurker x2  
  156  12:41  Hydralisk x3  
  162  12:44  Overseer x2  
  162  12:45  Pneumatized Carapace  
  162  12:47  Lurker x4  
  162  12:48  Hydralisk  
  168  12:53  Hydralisk x2  
  168  12:54  Drone  
  168  13:06  Adaptive Talons  
  166  13:14  Zerg Missile Weapons Level 2, Hydralisk  
  166  13:19  Hatchery  
  157  13:27  Hydralisk  
  159  13:37  Hydralisk x2  
  159  13:48  Spine Crawler  
  159  13:49  Spine Crawler  
  159  13:50  Overseer  
  159  13:52  Lurker x6  
  159  13:54  Hydralisk  
  165  13:59  Queen  
  165  14:00  Spine Crawler x3  
  165  14:01  Hydralisk x2  
  168  14:05  Hydralisk  
  168  14:07  Hydralisk  
  168  14:08  Queen  
  174  14:11  Hydralisk  
  174  14:12  Spine Crawler x2  
  174  14:16  Hydralisk  
  176  14:20  Spine Crawler, Hydralisk x2  
  176  14:22  Hatchery  
  178  14:27  Overlord  
  178  14:29  Overlord  
  178  14:34  Spine Crawler  
  178  14:35  Spine Crawler  
  176  14:40  Hydralisk x2  
  180  14:54  Hydralisk x3  
  180  14:59  Hydralisk x2  
  188  15:04  Lurker x2  
  188  15:05  Lurker  
  193  15:08  Lurker  
  194  15:25  Hydralisk  
  193  15:28  Hydralisk x3  
  193  15:54  Hydralisk Den  
  176  16:22  Hydralisk  
  176  16:23  Hydralisk x11  
  185  16:44  Hydralisk x2  
  183  17:05  Hydralisk x2  
  187  17:21  Hydralisk x2  
  134  18:16  Hydralisk x5  
  140  18:43  Drone x5  
  123  18:58  Hydralisk  
  119  19:12  Hydralisk  
  119  19:13  Hydralisk  
  123  19:20  Hydralisk x2  
  127  19:32  Hydralisk x3  
  133  19:43  Hydralisk x2  
  137  19:48  Hydralisk  
  137  19:49  Hydralisk  
  140  20:13  Hydralisk x4  
  140  20:26  Spawning Pool  
  139  20:29  Overlord  
  139  20:30  Hydralisk  
  139  20:31  Hydralisk  
  143  20:54  Drone  
  143  20:55  Drone x5  
  143  20:56  Drone  
  143  20:57  Drone  
  152  21:26  Hydralisk, Lurker x4  
  152  21:27  Hydralisk x5  
  152  21:29  Hydralisk  
  169  21:33  Hydralisk  
  169  21:36  Hydralisk  
  169  21:39  Lair  
  173  21:44  Extractor  
  173  21:46  Extractor  
  171  21:47  Queen  
  173  22:06  Hydralisk x2  
  172  22:20  Hydralisk x4  
  173  22:27  Overseer  
  167  22:40  Overlord  
  167  22:41  Overlord x3  
  167  22:42  Overseer  
  167  22:45  Overseer  
  167  22:48  Overseer  
  167  23:12  Hydralisk  
  167  23:13  Hydralisk  
  168  23:30  Hydralisk x5  
  175  23:57  Hatchery  
  175  24:01  Hydralisk  
  176  24:09  Infestation Pit  
  175  24:24  Extractor  
  175  24:26  Extractor  
  175  24:31  Drone x3  
  176  24:32  Drone x3  
  176  24:34  Queen  
  176  24:35  Drone  
  182  24:41  Hive  
  183  24:53  Zerg Ground Armor Level 1  
  183  25:04  Drone x5  
  188  25:11  Queen  
  188  25:17  Hatchery  
  187  25:21  Spore Crawler  
  186  25:37  Spore Crawler  
  185  25:42  Overlord  
  185  25:44  Spine Crawler  
  184  25:52  Spine Crawler  
  184  25:54  Viper x3  
  190  26:03  Viper  
  189  26:11  Overlord  
  189  26:29  Queen  
  189  26:30  Unknown  
  189  26:31  Drone x3  
  189  26:32  Drone x3  
  196  26:34  Unknown  
  195  26:41  Drone x5  
  200  26:47  Zerg Missile Weapons Level 3, Spore Crawler  
  200  26:48  Spine Crawler  
  200  26:50  Spine Crawler x2, Lurker x2  
  200  26:51  Spine Crawler  
  197  27:00  Hydralisk  
  191  27:48  Hydralisk x4  
  199  28:11  Hydralisk  
  193  28:13  Drone  
  193  28:17  Overseer  
  194  28:32  Overseer  
  171  28:46  Lurker x11  
  171  28:47  Hydralisk x9  
  200  29:24  Zerg Ground Armor Level 2  
  194  29:52  Overlord, Hydralisk x6  
  189  30:22  Hydralisk  
  189  30:23  Hydralisk x10  
  157  30:34  Hydralisk x5  
  157  30:35  Hydralisk x2  
  167  30:47  Hydralisk  
  165  30:56  Hydralisk x6  
  161  31:13  Hydralisk x6  
  161  31:16  Drone x2  
  173  31:30  Hydralisk x3  
  179  31:51  Hydralisk  
  163  32:02  Hydralisk  
  163  32:03  Hydralisk x2  
  153  32:16  Hydralisk  
  90  32:51  Hydralisk  
  92  32:58  Drone x4  
  88  33:20  Hydralisk x3  
Show
View Real Time Build Order
Export as new Build Order

DisK Protoss - Winner!

Build Orders: 1 Gate Expand, Oracle Opening, Phoenix Opening 

Get SALT Encoding   

  12  0:00  Probe  
  13  0:12  Probe  
  14  0:18  Pylon  
  14  0:24  Probe  
  15  0:34  Probe  
  15  0:37  Gateway  
  15  0:42  Probe  
  16  0:47  Assimilator  
  17  0:52  Probe  
  18  1:04  Probe  
  19  1:17  Probe  
  20  1:25  Cybernetics Core  
  20  1:33  Nexus  
  22  1:47  Pylon  
  22  1:50  Probe  
  22  1:52  Adept  
  23  1:55  Assimilator  
  23  2:04  Warp Gate  
  23  2:06  Probe  
  24  2:12  Adept  
  23  2:19  Probe  
  26  2:31  Probe  
  27  2:38  Stargate  
  27  2:43  Probe x2  
  28  2:45  Adept  
  31  2:55  Probe  
  32  3:01  Probe  
  31  3:07  Probe  
  31  3:11  Probe, Gateway  
  32  3:19  Probe x2  
  34  3:21  Phoenix  
  37  3:27  Pylon, Probe  
  37  3:31  Probe  
  39  3:39  Probe  
  40  3:43  Assimilator, Probe  
  40  3:44  Assimilator  
  40  3:46  Oracle  
  44  3:51  Probe  
  45  3:58  Stargate  
  45  4:00  Probe  
  45  4:01  Probe  
  46  4:04  Pylon  
  46  4:08  Probe  
  47  4:13  Probe  
  49  4:18  Probe, Adept  
  49  4:21  Zealot  
  54  4:25  Probe  
  54  4:30  Probe  
  56  4:32  Phoenix  
  56  4:37  Probe  
  59  4:41  Phoenix  
  61  4:51  Nexus  
  61  4:56  Pylon  
  61  4:57  Probe  
  62  5:04  Oracle  
  62  5:06  Robotics Facility, Oracle  
  62  5:09  Pylon  
  62  5:14  Probe  
  62  5:20  Pylon  
  69  5:25  Shield Battery  
  69  5:29  Sentry x2  
  69  5:32  Shield Battery  
  69  5:33  Probe  
  69  5:34  Probe  
  75  5:45  Pylon, Probe  
  75  5:47  Probe  
  77  5:59  Robotics Bay  
  77  6:00  Probe x2  
  77  6:03  Gateway  
  79  6:05  Gateway  
  79  6:06  Probe  
  79  6:07  Oracle  
  79  6:08  Oracle, Probe  
  86  6:11  Probe  
  86  6:14  Probe  
  88  6:20  Sentry x2  
  88  6:24  Assimilator  
  88  6:25  Assimilator  
  93  6:29  Shield Battery  
  91  6:43  Shield Battery  
  91  6:44  Stalker x2  
  95  6:55  Colossus  
  94  7:13  Stalker x2  
  94  7:16  Stalker x2  
  85  7:30  Probe  
  85  7:34  Probe x2  
  83  7:39  Gateway x2  
  83  7:43  Pylon, Probe  
  83  7:44  Pylon, Gateway  
  83  7:45  Pylon  
  83  7:46  Probe x2  
  83  7:47  Pylon, Gateway  
  83  7:49  Colossus  
  85  7:53  Pylon  
  85  7:55  Probe  
  92  7:58  Probe  
  92  8:02  Twilight Council  
  92  8:03  Extended Thermal Lance  
  92  8:04  Forge  
  92  8:05  Probe  
  94  8:07  Probe  
  94  8:10  Probe  
  94  8:11  Protoss Ground Weapons Level 1  
  96  8:15  Gateway x2  
  96  8:17  Probe  
  96  8:19  Probe  
  98  8:21  Robotics Facility  
  98  8:24  Probe  
  99  8:27  Blink  
  99  8:29  Probe  
  99  8:30  Shield Battery  
  99  8:32  Probe  
  99  8:34  Sentry x5  
  107  8:35  Warp Prism  
  107  8:36  Probe  
  114  8:54  Nexus  
  114  8:58  Adept x2  
  114  9:01  Pylon  
  118  9:03  Pylon  
  118  9:05  Colossus  
  118  9:10  Observer  
  123  9:35  Stalker x8  
  139  9:46  Immortal  
  141  9:55  Photon Cannon  
  141  9:56  Pylon  
  141  9:58  Protoss Ground Weapons Level 2  
  139  10:03  Zealot, Photon Cannon  
  139  10:05  Photon Cannon  
  145  10:07  Immortal  
  145  10:14  Photon Cannon  
  145  10:15  Photon Cannon  
  145  10:18  Charge  
  145  10:26  Nexus, Immortal  
  145  10:27  Pylon  
  149  10:35  Zealot  
  151  10:48  Pylon, Photon Cannon  
  151  10:49  Probe x3  
  154  10:51  Photon Cannon  
  154  10:52  Shield Battery  
  154  10:57  Templar Archives, Gravitic Boosters  
  154  11:06  Zealot x5  
  162  11:17  Photon Cannon  
  162  11:21  Assimilator  
  162  11:22  Shield Battery  
  162  11:23  Assimilator  
  162  11:25  Pylon  
  166  11:26  Psionic Storm, Warp Prism  
  166  11:28  Observer  
  165  11:37  High Templar x3  
  165  11:38  High Templar x3  
  165  11:39  Zealot  
  179  11:40  Zealot  
  179  11:42  Archon x3  
  175  11:58  Zealot x2  
  175  12:04  Disruptor x2  
  175  12:07  Zealot x2  
  185  12:10  Zealot x5  
  195  12:24  Protoss Ground Weapons Level 3  
  195  12:28  Gravitic Drive  
  193  12:54  Nexus  
  193  12:55  Pylon  
  193  13:00  Assimilator  
  193  13:02  Assimilator  
  191  13:06  Pylon  
  173  13:17  Dark Shrine, Zealot  
  173  13:18  Zealot x9  
  191  13:38  Protoss Air Weapons Level 1  
  177  13:42  Fleet Beacon  
  177  13:48  Pylon, Stargate  
  171  13:51  Pylon, Zealot  
  171  13:52  Zealot x5  
  171  13:54  Zealot x2  
  171  13:55  Zealot  
  189  13:56  Stalker  
  189  13:58  Zealot x4  
  191  14:28  Photon Cannon  
  191  14:31  Shield Battery  
  191  14:32  Shield Battery  
  191  14:34  Photon Cannon  
  191  14:37  Photon Cannon x2, Shield Battery  
  188  14:39  Shield Battery  
  188  14:47  High Templar x5  
  198  15:15  Nexus  
  198  15:16  Zealot  
  198  15:17  Pylon, Zealot x4  
  198  15:20  Unknown  
  188  15:24  Unknown  
  188  15:27  Carrier  
  188  15:28  Pylon, Dark Templar x2, Carrier  
  182  15:29  Zealot x3  
  165  15:51  Stalker  
  165  15:56  Dark Templar x5  
  175  16:01  Zealot x5  
  175  16:02  Disruptor  
  175  16:14  Archon  
  170  16:30  Probe  
  155  16:36  High Templar x9  
  168  16:40  Cybernetics Core  
  168  16:42  Probe  
  168  16:44  Gateway  
  157  16:49  Pylon  
  144  16:54  Probe  
  133  17:06  Probe  
  132  17:08  Gateway  
  132  17:10  Probe, Gateway  
  132  17:12  Gateway  
  132  17:13  Gateway  
  133  17:16  Observer  
  131  17:50  Archon  
  106  18:14  Pylon  
  106  18:16  Pylon  
  106  18:19  Pylon  
  106  18:20  Pylon  
  106  18:21  Observer  
  99  18:38  Probe  
  100  18:44  Pylon  
  92  19:33  Pylon  
  92  19:54  Pylon  
  92  20:07  Nexus  
  86  20:31  Pylon x2  
  86  20:33  Pylon x2  
  86  20:56  Pylon  
  86  21:16  Zealot x3  
  92  21:33  Cybernetics Core  
  92  21:37  Templar Archives  
  92  21:40  Dark Shrine  
  92  22:03  Pylon, Assimilator x2  
  92  22:05  Pylon  
  92  22:06  Pylon  
  92  22:40  Pylon  
  92  22:59  Dark Templar  
  94  23:06  Pylon  
  94  23:21  Pylon  
  94  23:25  Pylon  
  92  23:50  Dark Templar x2  
  92  23:54  Robotics Facility  
  96  24:23  Robotics Facility  
  96  24:24  Pylon  
  96  24:34  Immortal  
  95  24:43  Robotics Bay  
  99  24:54  Zealot x2  
  99  24:55  Zealot  
  99  24:58  Probe  
  106  25:02  Immortal  
  106  25:06  Immortal  
  110  25:19  Dark Templar  
  116  25:41  Disruptor  
  116  25:45  Disruptor  
  122  25:51  Nexus  
  122  26:05  Pylon, Probe  
  123  26:13  High Templar x2  
  123  26:15  Pylon  
  123  26:16  Disruptor  
  127  26:23  Disruptor, Probe  
  134  26:35  Probe  
  135  26:41  High Templar  
  137  26:47  Probe  
  138  26:59  Probe  
  137  27:03  Disruptor  
  137  27:04  Probe  
  137  27:05  Unknown  
  137  27:06  Unknown  
  137  27:07  Observer  
  138  27:11  Probe  
  143  27:16  Probe  
  138  27:23  Probe  
  138  27:24  High Templar x2  
  138  27:29  Probe  
  142  27:52  Disruptor x2  
  148  28:05  Archon  
  146  28:14  High Templar x2  
  146  28:15  Zealot  
  152  28:25  Gateway x2  
  152  28:27  Gateway  
  152  29:00  Pylon x2  
  152  29:05  Pylon  
  152  29:06  Pylon  
  152  29:08  Pylon  
  152  29:14  Stargate  
  152  29:17  Disruptor  
  143  29:36  High Templar x3, Archon  
  149  29:38  Zealot x3  
  149  29:40  Probe x2  
  157  29:52  Immortal  
  157  29:56  Warp Prism  
  163  30:11  Zealot x2  
  163  30:12  Zealot x4  
  153  30:29  Disruptor  
  142  30:56  Oracle  
  129  31:29  Zealot  
  129  31:30  Zealot x3  
  129  31:35  Dark Templar x3  
  129  31:39  Observer x2  
  133  31:58  Dark Templar  
  133  31:59  Dark Templar x2  
  92  33:05  Archon x3  
  89  33:14  Zealot  
  89  33:15  Zealot x4  
  89  33:17  Probe  
  94  33:29  Probe  
Tags
 
Add a new tag
Caveats
  • Supply blocks, unpowered buildings, or Contaminate may cause inaccurate times.
  • Supply counts are checked every 10 seconds.